 Dungeon Crawl Stone Soup version 0.30-a0-618-gd6c86c23d0 (webtiles) character file.

Game seed: 2076020708583660806

41 Leeroy the Cutter (level 3, -6/19 HPs)
             Began as a Kobold Enchanter on Jan 9, 2023.
             Mangled by Terence
             ... wielding a +0 flail
              (12 damage)
             ... on level 2 of the Dungeon.
             The game lasted 00:01:06 (961 turns).

Leeroy the Cutter (Kobold Enchanter)                 Turns: 961, Time: 00:01:07

Health: -6/19      AC:  3    Str:  5    XL:     3   Next: 75%
Magic:  6/6        EV: 15    Int: 16    God:
Gold:   89         SH:  0    Dex: 17    Spells: 6/6 levels left

rFire   . . .      SeeInvis .    g - +1 dagger (venom)
rCold   . . .      Faith    .    (no shield)
rNeg    . . .      Spirit   .    b - +0 robe
rPois   .          Reflect  .    (no helmet)
rElec   .          Harm     .    (no cloak)
rCorr   .          Rampage  .    (no gloves)
Will    .....                    l - +0 pair of boots
Stlth   ++++                     (no amulet)
HPRegen 0.23/turn                (no ring)
MPRegen 0.10/turn                (no ring)

@: no status effects
A: small, no large weapons, nightstalker 3
a: no special abilities


You were on level 2 of the Dungeon.
You visited 1 branch of the dungeon, and saw 2 of its levels.

You collected 89 gold pieces.

Inventory:

Hand Weapons
 a - a +1 dagger
 g - a +1 dagger of venom (weapon)
Armour
 b - a +0 robe (worn)
 l - a +0 pair of boots (worn)
Jewellery
 i - an amulet of faith
Scrolls
 e - 2 scrolls of identify {unknown}
 f - a scroll of enchant weapon {unknown}
 j - a scroll of fog {unknown}
Potions
 c - 2 potions of invisibility
 d - a potion of mutation {unknown}
 h - 2 potions of flight {unknown}
 k - a potion of curing {unknown}
 m - a potion of degeneration {unknown}


   Skills:
 + Level 4.4 Short Blades
 - Level 2.4 Dodging
 - Level 4.0 Stealth
 - Level 2.1 Spellcasting
 - Level 3.0 Hexes


You had 6 spell levels left.
You didn't know any spells.
Your spell library contained the following spells:

 Spells                   Type           Power      Damage    Failure   Level
 Ensorcelled Hibernation  Hex/Ice        12%        N/A       17%         2
 Confusing Touch          Hex            11%        N/A       19%         3
 Tukima's Dance           Hex            11%        N/A       19%         3
 Sandblast                Erth           2%         2d4       21%         1
 Passwall                 Tmut/Erth      0%         N/A       30%         2
 Dazzling Flash           Conj/Hex       12%        N/A       32%         3
 Stone Arrow              Conj/Erth      2%         3d7       52%         3
 Animate Dead             Necr           1%         N/A       90%         4
 Borgnjor's Vile Clutch   Necr/Erth      0%         N/A       99%         5
 Death Channel            Necr           0%         N/A       100%        6


Dungeon Overview and Level Annotations

Branches:
Dungeon (2/15)

Altars:

Shops:
D:1 ?

Annotations:
D:2 Terence


Innate Abilities, Weirdness & Mutations

You are small and have problems with some larger weapons.
You are completely attuned to the shadows.


Message History

You continue putting on your +0 pair of boots. x4
You finish putting on your +0 pair of boots.
m - a brown potion Terence the Incautious comes into view.
He is wielding a +0 flail.
Terence shouts!
You hear a shout!
Terence is nearby!
Terence misses you.
You hit Terence but do no damage. Terence closely misses you.
You hit Terence but do no damage.
Terence is poisoned.
Terence hits you with a +0 flail.
You hit Terence but do no damage.
Terence is lightly wounded.
Terence closely misses you.
You hit Terence but do no damage.
Terence looks even sicker.
Terence is lightly wounded.
You hit Terence.
Terence looks as sick as possible!
Terence is moderately wounded.
Terence drinks a potion.
Terence goes berserk!
You hit Terence but do no damage.
Terence looks as sick as possible!
Terence is moderately wounded.
Terence closely misses you.
You closely miss Terence.
Terence is moderately wounded.
Terence closely misses you.
A goblin comes into view. It is wielding a +0 club.
You barely miss Terence.
Terence is heavily wounded.
Terence hits you with a +0 flail!
Ouch! That really hurt!
* * * LOW HITPOINT WARNING * * *
Terence completely misses you.
You are too injured to fight recklessly!
You are too injured to fight recklessly!
Terence attacks as you move away! Terence closely misses you.
Okay, then.
You barely miss Terence.
Terence is heavily wounded.
Terence hits you with a +0 flail!
Ouch! That really hurt!
You die...

#.......
#.
#.......
...
#.......
.<.
#.####.#
...
####.###
.# ..
.......#
####.#.#
#
#.#.##.#.
#..@@.g..
#.#.####.
#.#.# #
#.# #.#


You could see Terence (berserk, extremely poisoned) and a goblin.

Vanquished Creatures
  An adder (D:2)
  A dart slug (D:1)
  2 ball pythons
  2 endoplasms
  A giant cockroach (D:1)
  7 goblins
  4 hobgoblins (D:1)
  2 kobolds (D:1)
  4 bats (D:1)
  4 frilled lizards
28 creatures vanquished.

Vanquished Creatures (others)
  6 plants (D:2)
6 creatures vanquished.

Grand Total: 34 creatures vanquished

Notes
Turn   | Place    | Note
-------+----------+-------------------------------------------
     0 | D:1      | Leeroy the Kobold Enchanter began the quest for the Orb.
     0 | D:1      | Reached XP level 1. HP: 10/10 MP: 3/3
    86 | D:1      | Reached XP level 2. HP: 15/15 MP: 5/5
   155 | D:1      | Found Zorghuda's Magic Scroll Shoppe.
   406 | D:1      | Reached XP level 3. HP: 19/19 MP: 6/6
   950 | D:2      | Noticed Terence
   961 | D:2      | Mangled by Terence

Illustrated notes

Levels and vault maps discovered:
D:1:      minmay_arrival_hallway, layout_basic, serial_shops,
          nicolae_square_shop, minmay_ruptured
D:2:      layout_basic, chequers_ecumenical_altar_lobes, grunt_ministairs_7,
          uniq_sigmund, uniq_terence

Skill      XL: |  1  2  3 |
---------------+----------+-----
Short Blades   | 2 3 4 |  4.4
Dodging        | |  2.4
Stealth        | |  4.0
Spellcasting   | |  2.1
Hexes          | |  3.0

Action                   || total
-------------------------++-------
Melee: Dagger            ||    68
 Stab: Sleeping          ||    12
Armor: Robe              ||     4
Dodge: Dodged            ||    36

Table legend: (Time is in decaauts)
 A = Elapsed time spent in this place.
 B = Non-inter-level travel time spent in this place.
 C = Inter-level travel time spent in this place.
 D = Time resting spent in this place.
 E = Time spent auto-exploring this place.
 F = Levels seen in this place.
 G = Mean time per level.
                   A        B        C        D        E       F      G
               +--------+--------+--------+--------+--------+-----+--------+
         Total |    949 |    922 |     27 |      0 |    748 |   2 |  474.5 |
       Dungeon |    949 |    922 |     27 |      0 |    748 |   2 |  474.5 |
               +--------+--------+--------+--------+--------+-----+--------+

Top non-repeatable levels by time:
     D:1: 676 daAuts
     D:2: 272 daAuts
